 Dungeon Crawl Stone Soup version 0.31-a0-995-g04711c9635 (webtiles) character file.

Game seed: 17122068684562131334

130 Azuregosa the Changeling (level 5, -2/37 HPs)
             Began as a Human Shapeshifter on Nov 6, 2023.
             Slain by a gnoll
             ... wielding a +1 whip of venom
              (6 damage)
             ... on level 4 of the Dungeon.
             The game lasted 00:13:17 (2243 turns).

Azuregosa the Changeling (Human Shapeshifter)       Turns: 2243, Time: 00:13:18

Health: -2/37      AC:  3    Str: 16    XL:     5   Next: 36%
Magic:  5/5        EV: 12    Int: 16    God:
Gold:   148        SH:  0    Dex: 13    Spells: 4/4 levels left

rFire   . . .        m - +2 hand axe (venom)
rCold   . . .        (no shield)
rNeg    . . .        y - +0 leather armour
rPois   .            (helmet currently unavailable)
rElec   .            (cloak currently unavailable)
rCorr   .            (gloves currently unavailable)
SInv    .            (boots currently unavailable)
Will    +....        x - amulet of magic regeneration
Stlth   +            k - +6 ring of intelligence
HPRegen 0.26/turn    p - ring of willpower
MPRegen 0.49/turn

%: no passive effects
@: lethally poisoned (-2 -> -13), beast-form
A: beast (slay +3)
a: Begin Untransformation


You were on level 4 of the Dungeon.
You were a hulking beast.
You visited 1 branch of the dungeon, and saw 4 of its levels.

You collected 148 gold pieces.

Inventory:

Hand Weapons
 h - a +0 spear
 m - a +2 hand axe of venom (weapon)
Missiles
 g - 33 stones
 o - 2 datura-tipped darts
 s - 6 boomerangs
Armour
 a - a +0 animal skin
 l - a +2 hat
 y - a +0 leather armour (worn)
 A - a +0 pair of boots
Magical Staves
 n - a staff of fire
Jewellery
 k - a +6 ring of intelligence (left hand)
 p - a ring of willpower (right hand)
 x - an amulet of magic regeneration (around neck)
Talismans
 c - a beast talisman
 d - a flux talisman
Scrolls
 e - 2 scrolls of teleportation {unknown}
 f - 3 scrolls of identify {unknown}
 i - a scroll of poison {unknown}
 j - 2 scrolls of immolation {unknown}
 q - 2 scrolls of noise {unknown}
 t - 3 scrolls of vulnerability {unknown}
 u - a scroll of brand weapon {unknown}
 z - a scroll of revelation {unknown}
 B - a scroll of enchant armour {unknown}
 D - 2 scrolls of silence {unknown}
Potions
 b - a potion of lignification
 r - 2 potions of brilliance {unknown}
 v - a potion of enlightenment {unknown}
 w - a potion of curing
 C - a potion of degeneration {unknown}
 E - a potion of magic


   Skills:
 - Level 1.0 Fighting
 - Level 2.0 Dodging
 - Level 3.0 Unarmed Combat
 + Level 5.3 Shapeshifting


You had 4 spell levels left.
You didn't know any spells.
Your spell library contained the following spells:

 Spells                   Type           Power      Damage    Failure   Level
 Dazzling Flash           Conj/Hex       0%         N/A       67%         3
 Volatile Blastmotes      Fire/Tloc      0%         2d10      67%         3
 Starburst                Conj/Fire      0%         6d3       100%        6
 Maxwell's Capacitive Co  Air            0%         ∞         100%        8


Dungeon Overview and Level Annotations

Branches:
Dungeon (4/15)
 Temple: D:4-7

Altars:


Message History

There is a stone staircase leading down here.
You climb downwards.
Found a stone staircase leading down.
There is a stone staircase leading up here.
Found a trident.
A gnoll comes into view. It is wielding a +0 flail.
A gnoll comes into view. It is wielding a +1 whip of venom.
The gnoll shouts!
A phantom comes into view.
The gnoll hits you with a +0 flail.
A goblin comes into view. It is wielding a +0 club.
The phantom moves out of view.
You see here a scroll labelled JYIHEN BOJOUJ.
The goblin shouts!
You slash the gnoll!
The gnoll is poisoned.
The gnoll is heavily wounded.
You hear a shout!
The gnoll barely misses you.
You barely miss the gnoll.
The gnoll is severely wounded.
You hit the gnoll.
A gnoll comes into view.
It is wielding a +2 flail of protection.
The gnoll hits you with a +0 flail!
The gnoll hits you with a +1 whip of venom!
You are poisoned.
You hit the gnoll.
The gnoll looks as sick as possible!
The gnoll is almost dead.
You slash the gnoll!
You feel very sick.
You kill the gnoll!
The gnoll hits you with a +1 whip of venom.
* * * LOW HITPOINT WARNING * * *
You are lethally poisoned!
You closely miss the gnoll.
The gnoll is severely wounded.
* * * LOW HITPOINT WARNING * * *
You feel very sick. The gnoll closely misses you.
The gnoll hits you with a +1 whip of venom.
You die...

#..#.# .#
#########..#.##.#
#......<....>....
#########...#...#
####.......#
#..........#
#......##...
#......##..)
#..h).......
#...gg.....#
#......###..
#.....Wg. .
#......##..
#####... # ...#
...+


You could see a phantom, 2 gnolls and a goblin.

Vanquished Creatures
  2 gnolls
  4 adders (D:2)
  A worm (D:3)
  5 dart slugs
  5 orcs (D:3)
  3 ball pythons
  4 endoplasms
  2 giant cockroaches (D:2)
  2 goblins
  8 hobgoblins
  A quokka (D:1)
  4 bats
  6 frilled lizards
  8 kobolds
  3 rats
58 creatures vanquished.

Notes
Turn   | Place    | Note
-------+----------+-------------------------------------------
     0 | D:1      | Azuregosa the Human Shapeshifter began the quest for the
                  | Orb.
     0 | D:1      | Reached XP level 1. HP: 15/15 MP: 1/1
    73 | D:1      | Reached XP level 2. HP: 16/21 MP: 2/2
   462 | D:1      | Reached XP level 3. HP: 26/26 MP: 3/3
   568 | D:1      | Reached skill level 4 in Shapeshifting
   925 | D:2      | Reached XP level 4. HP: 17/32 MP: 4/4
  1579 | D:2      | Reached skill level 5 in Shapeshifting
  1704 | D:3      | Reached XP level 5. HP: 37/37 MP: 5/5
  1897 | D:3      | Found a faded altar of an unknown god.
  2239 | D:4      | Noticed a phantom
  2243 | D:4      | Slain by a gnoll

Illustrated notes

Levels and vault maps discovered:
D:1:      psy_arrival_radial01, layout_basic, minivault_11, minivault_23,
          minmay_quantized
D:2:      layout_loops_cross, amethyst_killhole, minmay_cupped
D:3:      layout_rooms, ebering_ecumenical_altar_rust
D:4:      layout_basic, uniq_duvessa

Skill      XL: |  1  2  3  4 |
---------------+-------------+-----
Shapeshifting  | 4 5 |  5.3
Fighting       | |  1.0
Dodging        | |  2.0
Unarmed Combat | |  3.0

Action                     |  1- 3 |  4- 6 || total
---------------------------+-------+-------++-------
  Melee: Unarmed           |    16 |       ||    16
         Spear             |    61 |    77 ||   138
         Punch             |     2 |     5 ||     7
         Hand axe          |       |    20 ||    20
    Use: Potion            |       |     5 ||     5
   Stab: Sleeping          |     3 |     1 ||     4
 Armour: Animal skin       |    29 |    28 ||    57
         Leather armour    |       |    25 ||    25
  Dodge: Dodged            |    43 |    64 ||   107

Table legend: (Time is in decaauts)
 A = Elapsed time spent in this place.
 B = Non-inter-level travel time spent in this place.
 C = Inter-level travel time spent in this place.
 D = Time resting spent in this place.
 E = Time spent auto-exploring this place.
 F = Levels seen in this place.
 G = Mean time per level.
                   A        B        C        D        E       F      G
               +--------+--------+--------+--------+--------+-----+--------+
         Total |   2258 |   2183 |     75 |    254 |   1312 |   4 |  564.5 |
       Dungeon |   2258 |   2183 |     75 |    254 |   1312 |   4 |  564.5 |
               +--------+--------+--------+--------+--------+-----+--------+

Top non-repeatable levels by time:
     D:2: 878 daAuts
     D:1: 826 daAuts
     D:3: 541 daAuts
     D:4: 12 daAuts
